 Dungeon Crawl Stone Soup version 0.21-a0-509-gecc5317 (webtiles) character file.

393 Dawnplanks the Digger (level 6, -6/32 HPs)
             Began as a Gargoyle Earth Elementalist on Nov 30, 2017.
             Mangled by an ogre
             ... wielding a +0 giant spiked club
              (10 damage)
             ... on level 4 of the Dungeon.
             The game lasted 00:14:36 (4147 turns).

Dawnplanks the Digger (Gargoyle Earth Elementalist) Turns: 4147, Time: 00:14:37

Health: -6/32      AC:  7    Str: 12    XL:     6   Next: 81%
Magic:  0/12       EV: 12    Int: 17    God:
Gold:   190        SH:  0    Dex: 10    Spells: 3/14 levels left

rFire    . . .     SeeInvis .   s - +2 dagger (venom)
rCold    . . .     Gourm    .   (no shield)
rNeg     + . .     Faith    .   c - +0 robe
rPois    ∞         Spirit   .   (no helmet)
rElec    +         Reflect  .   (no cloak)
rCorr    .         Harm     .   h - +0 pair of gloves
MR       .....                  (no boots)
Stlth    ++........             (no amulet)
HPRegen  0.10/turn              (no ring)
MPRegen  0.13/turn              (no ring)

@: no status effects
A: negative energy resistance 1, electricity resistance, unbreathing,
petrification resistance, rot immunity, AC +4
a: no special abilities


You were on level 4 of the Dungeon.
You were near starving.

You visited 1 branch of the dungeon, and saw 5 of its levels.

You collected 190 gold pieces.

Inventory:

Hand Weapons
 g - a +0 dagger
 s - a +2 dagger of venom (weapon)
 t - a +0 mace of crushing
Missiles
 b - 121 stones (quivered)
 B - 3 poisoned tomahawks
Armour
 c - a +0 robe (worn)
 h - a +0 pair of gloves (worn)
 l - a +2 leather armour of positive energy
Wands
 D - a wand of clouds (4)
Scrolls
 a - a scroll of immolation {unknown}
 f - 4 scrolls of identify {unknown}
 n - 2 scrolls of fear {unknown}
 p - a scroll of fog {unknown}
 y - a scroll of enchant weapon {unknown}
Potions
 j - 2 potions of agility {unknown}
 k - 2 potions of heal wounds {unknown}
 m - 2 potions of cancellation {unknown}
 o - 2 potions of lignification {unknown}
 q - a potion of resistance {unknown}
 r - a potion of might {unknown}
 u - a potion of ambrosia {unknown}
 v - 4 potions of invisibility {unknown}
 w - a potion of degeneration {unknown}
 x - a potion of brilliance {unknown}
 z - 3 potions of curing
Books
 e - a book of Geomancy

   Spells                             Type                      Level
   a - Sandblast                      Earth                        1
   b - Passwall                       Transmutation/Earth          2
   c - Stone Arrow                    Conjuration/Earth            3
   d - Petrify                        Transmutation/Earth          4
   e - Lee's Rapid Deconstruction     Earth                        5
 F - a book of Frost

   Spells                             Type                      Level
   a - Freeze                         Ice                          1
   b - Throw Frost                    Conjuration/Ice              2
   c - Ozocubu's Armour               Charms/Ice                   3
   d - Throw Icicle                   Conjuration/Ice              4
   e - Summon Ice Beast               Ice/Summoning                4
Comestibles
 d - 2 bread rations
 i - 9 fruits
 A - a meat ration
 C - a royal jelly


   Skills:
 - Level 1.5 Dodging
 - Level 2.1 Stealth
 + Level 4.5 Spellcasting
 * Level 1.7 Conjurations
 - Level 0.7 Transmutations
 + Level 6.6 Earth Magic


You had 3 spell levels left.
You knew the following spells:

 Your Spells              Type           Power        Failure   Level  Hunger
a - Sandblast             Erth           ####..       1%          1    None
b - Passwall              Tmut/Erth      ###.......   4%          2    ##.....
c - Stone Arrow           Conj/Erth      ###...       8%          3    ###....
d - Lee's Rapid Deconstr  Erth           ####......   26%         5    ######.


Dungeon Overview and Level Annotations

Branches:
Dungeon (5/15)
 Temple: D:4-7

Altars:
Cheibriados
Dithmenos
Qazlal

Annotations:
D:5 Prince Ribbit


Innate Abilities, Weirdness & Mutations

You are resistant to torment.
Your stone body is resilient. (AC +4)
You are immune to poison.
You resist negative energy. (rN+)
You are resistant to electric shocks. (rElec)
You can survive without breathing.
You are immune to petrification.
You are immune to rotting.


Message History

The scorpion misses you. The ogre hits you but does no damage.
You hit the scorpion.
The scorpion is severely wounded.
The scorpion stings you but does no damage.
The ogre hits you with a giant spiked club!
* * * LOW HITPOINT WARNING * * *
Casting: Sandblast
Confirm with . or Enter, or press ? or * to list all spells.
Aiming: Sandblast
Press: ? - help, Shift-Dir - straight line, f/p - scorpion
Aim: a scorpion (severely wounded)
The blast of sand hits the scorpion.
The scorpion is severely wounded.
b - 121 stones The scorpion stings you.
* * * LOW HITPOINT WARNING * * *
You barely miss the scorpion.
The scorpion is severely wounded.
The ogre hits you with a giant spiked club!
You die...

##.###<##.#
#.# #.##
##...# #.#
##.###....#
#.#
#..#.###.#
#.#
#...####.#
#.# #..##
#..# #.#
##..# #.##
####.# ....#
#.# #.O.<#
###.# #.#
#@#### #..#
##.## #s#
#.####...##
#.#
#.###.#.#.#
#.#
#.........#
###>#
#####.#.#.#
#...#
##....#
#.### ##.#.#
#.#
########.#.#
#.#


You could see an ogre and a scorpion.

Vanquished Creatures
  A phantom (D:5)
  An orc wizard (D:3)
  Natasha (thrice) (D:3)
  A worker ant (D:5)
  A worker ant zombie (D:5)
  Robin (D:2)
  5 adders
  An adder zombie (D:5)
  3 worms
  3 dart slugs
  A leopard gecko (D:2)
  12 orcs
  14 bats
  2 giant cockroaches
  8 hobgoblins
  4 jackals (D:3)
  A ball python (D:4)
  2 frilled lizards (D:3)
  12 goblins
  6 kobolds
  A leopard gecko zombie (D:5)
  5 rats
88 creatures vanquished.

Notes
Turn   | Place    | Note
-------+----------+-------------------------------------------
     0 | D:1      | Dawnplanks the Gargoyle Earth Elementalist began the quest for the Orb.
     0 | D:1      | Reached XP level 1. HP: 10/10 MP: 3/3
   469 | D:1      | Reached XP level 2. HP: 15/15 MP: 5/5
   472 | D:1      | Reached skill level 4 in Earth Magic
  1229 | D:2      | Learned a level 2 spell: Passwall
  1257 | D:2      | Reached XP level 3. HP: 15/19 MP: 7/7
  1560 | D:2      | Noticed Robin
  1766 | D:2      | Reached XP level 4. HP: 23/24 MP: 8/8
  2044 | D:2      | Killed Robin
  2044 | D:2      | Reached skill level 5 in Earth Magic
  2241 | D:3      | Noticed Natasha
  2253 | D:3      | Killed Natasha
  2253 | D:3      | Reached XP level 5. HP: 12/28 MP: 0/10
  2513 | D:3      | Noticed Natasha
  2520 | D:3      | Killed Natasha
  2539 | D:3      | Noticed Natasha
  2702 | D:3      | Killed Natasha
  2837 | D:3      | Reached skill level 6 in Earth Magic
  2837 | D:3      | Reached XP level 6. HP: 32/32 MP: 6/12
  3395 | D:4      | Found a stormy altar of Qazlal.
  3821 | D:5      | Entered Level 5 of the Dungeon
  3861 | D:5      | Learned a level 3 spell: Stone Arrow
  3867 | D:5      | Learned a level 5 spell: Lee's Rapid Deconstruction
  3934 | D:5      | Found a shadowy altar of Dithmenos.
  3935 | D:5      | Noticed Prince Ribbit
  3986 | D:5      | Found a snail-covered altar of Cheibriados.
  3989 | D:5      | Noticed a phantom
  4013 | D:5      | Killed a phantom
  4013 | D:5      | Reached skill level 1 in Conjurations
  4147 | D:4      | Mangled by an ogre

Vault maps used:
D:1:      minmay_arrival_four_circles, serial_forest,
          infiniplex_forest_zigzag_1, infiniplex_forest_end_2,
          infiniplex_forest_lined_2, infiniplex_forest_clump_large,
          infiniplex_forest_clump_long, infiniplex_forest_end_2,
          infiniplex_forest_corner_1, infiniplex_forest_straight_4,
          serial_bayou_lagoon_a, minmay_tripent
D:2:      small_statue_intersection, uniq_robin
D:3:      uniq_natasha
D:4:      old_standard_altar, first_bread
D:5:      kennysheep_slug_shrine, nicolae_dithmenos_the_darkroom,
          uniq_prince_ribbit1, uniq_sigmund

Skill      XL: |  1  2  3  4  5  6 |
---------------+-------------------+-----
Earth Magic    | 4 5 6 |  6.6
Spellcasting   | 3 4 |  4.5
Conjurations   | 1 |  1.7
Dodging        | |  1.5
Stealth        | |  2.1
Transmutations | |  0.7

Action                   |  1- 3 |  4- 6 || total
-------------------------+-------+-------++-------
Melee: Dagger            |   156 |   115 ||   271
 Cast: Sandblast         |    10 |    52 ||    62
       Lee's Rapid Decon |       |     2 ||     2
       Stone Arrow       |       |     1 ||     1
 Stab: Sleeping          |     3 |     5 ||     8
  Eat: Chunk             |     3 |     7 ||    10
Armor: Robe              |    80 |    48 ||   128
Dodge: Dodged            |   124 |    98 ||   222

Table legend:
 A = Spawn XP
 B = Non-spawn XP
 C = Spawn XP percentage of total XP
 D = Spawn monster count
 E = Non-spawn monster count
 F = Spawn count percentage of total count
 G = Total turns spent on level
                    A         B        C        D         E        F      G
               +---------+---------+-------+---------+---------+-------+---------
         Total |       0 |     562 |   0.0 |       0 |      88 |   0.0 |  4147
               +---------+---------+-------+---------+---------+-------+---------
           D:1 |       0 |      18 |   0.0 |       0 |      14 |   0.0 |  1135
           D:2 |       0 |      95 |   0.0 |       0 |      29 |   0.0 |  1074
           D:3 |       0 |     231 |   0.0 |       0 |      33 |   0.0 |   992
           D:4 |       0 |      18 |   0.0 |       0 |       5 |   0.0 |   630
           D:5 |       0 |     200 |   0.0 |       0 |       7 |   0.0 |   316
               +---------+---------+-------+---------+---------+-------+---------
